 Dungeon Crawl Stone Soup version 0.29-b1-11-g2030932060 (webtiles) character file.

Game seed: 1288590904308024821

569 diana the Insei (level 7, -1/67 HPs)
             Began as an Octopode Transmuter on Aug 23, 2022.
             Was an Initiate of Gozag.
             Succumbed to a water moccasin's poison
             ... on level 5 of the Dungeon.
             The game lasted 00:08:13 (5504 turns).

diana the Insei (Octopode Transmuter)               Turns: 5504, Time: 00:08:13

Health: -1/67      AC:  1    Str:  9    XL:     7   Next: 33%
Magic:  10/12      EV: 13    Int: 18    God:    Gozag
Gold:   232        SH:  0    Dex: 12    Spells: 7/13 levels left

rFire   . . .      SeeInvis .     - Unarmed
rCold   . . .      Faith    .   (no shield)
rNeg    . . .      Spirit   .   (helmet restricted)
rPois   +          Reflect  .   (no amulet)
rElec   .          Harm     .   d - ring of poison resistance
rCorr   .          Rampage  .   (no ring)
Will    .....                   (no ring)
Stlth   ..........              (no ring)
HPRegen 0.21/turn               (no ring)
MPRegen 0.13/turn               (no ring)
                                (no ring)
                                (no ring)

@: berserking, lethally poisoned (-1 -> -21), gold aura, very quick
A: almost no armour, amphibious, 8 rings, camouflage 1, gelatinous body 1,
(nimble swimmer 1), tentacles
a: Renounce Religion, Potion Petition, Call Merchant, Bribe Branch


You were on level 5 of the Dungeon.
You worshipped Gozag.
Gozag was aware of your devotion.
You visited 2 branches of the dungeon, and saw 6 of its levels.

You collected 284 gold pieces.
You paid 52 gold pieces to Gozag.

Inventory:

Hand Weapons
 n - the +8 trident of the Octopus King {venom, rElec rPois}
   (You found it on level 3 of the Dungeon)

   It poisons the flesh of those it strikes.
   rElec:     It insulates you from electricity.
   rPois:     It protects you from poison.
Jewellery
 d - a ring of poison resistance (left tentacle)
Scrolls
 b - 4 scrolls of identify {unknown}
 e - a scroll of vulnerability {unknown}
 i - a scroll of noise {unknown}
 k - a scroll of blinking {unknown}
 m - a scroll of magic mapping {unknown}
 o - 2 scrolls of fear {unknown}
 r - a scroll of enchant armour {unknown}
 s - a scroll of teleportation {unknown}
 t - 7 scrolls of fog {unknown}
 v - 2 scrolls of poison {unknown}
 w - a scroll of summoning {unknown}
Potions
 a - 2 potions of lignification
 f - 3 potions of curing {unknown}
 g - a potion of flight {unknown}
 h - 3 potions of heal wounds {unknown}
 j - 3 potions of might {unknown}
 l - 3 potions of attraction {unknown}
 p - a potion of mutation {unknown}
 q - a potion of ambrosia {unknown}
 u - a potion of magic {unknown}


   Skills:
 + Level 2.6 Fighting
 + Level 3.3 Dodging
 - Level 1.8 Stealth
 + Level 4.8 Unarmed Combat
 + Level 3.6 Spellcasting
 + Level 4.2 Transmutations
 - Level 0.2 Poison Magic


You had 7 spell levels left.
You knew the following spells:

 Your Spells              Type           Power      Damage    Failure   Level
a - Beastly Appendage     Tmut           36%        N/A       2%          1
b - Wereblood             Tmut           18%        N/A       4%          2
c - Spider Form           Tmut/Pois      11%        N/A       19%         3

Your spell library contained the following spells:

 Spells                   Type           Power      Damage    Failure   Level
 Inner Flame              Hex/Fire       3%         N/A       43%         3
 Ice Form                 Ice/Tmut       10%        N/A       54%         4
 Cause Fear               Hex            1%         N/A       83%         4
 Discord                  Hex            1%         N/A       100%        8


Dungeon Overview and Level Annotations

Branches:
Dungeon (5/15)             Temple (1/1) D:4

Altars:
Dithmenos
Elyvilon
Fedhas
Gozag
Kikubaaqudgha
Makhleb
Nemelex Xobeh
Okawaru
Qazlal
Ru
Sif Muna
Trog
Uskayaw
Wu Jian
Yredelemnul

Shops:
D:5 [


Innate Abilities, Weirdness & Mutations

You cannot wear most types of armour.
You are amphibious.
You can wear up to eight rings at the same time.
Your skin changes colour to match your surroundings (Stealth+).
Your rubbery body absorbs attacks. (AC +1, EV +1)
((You are camouflaged when in or above water. (Stealth+)))
You have tentacles for arms and can constrict up to eight enemies at once.


Message History

The water moccasin poisons you!
You barely miss the water moccasin.
The water moccasin is moderately wounded.
You feel very sick. The water moccasin bites you!
You are more poisoned.
The water moccasin poisons you!
You hit the water moccasin.
The water moccasin is moderately wounded.
You feel very sick. The water moccasin misses you.
The water moccasin barely misses you.
You hit the water moccasin.
The water moccasin is heavily wounded.
You feel very sick. The water moccasin bites you!
You hit the water moccasin.
The water moccasin is severely wounded.
* * * LOW HITPOINT WARNING * * *
You feel very sick. The water moccasin barely misses you.
You hit the water moccasin but do no damage.
The water moccasin is severely wounded.
Your transformation has ended.
* * * LOW HITPOINT WARNING * * *
You feel very sick. The water moccasin misses you.
Unknown command.
It was a potion of berserk rage.
A red film seems to cover your vision as you go berserk!
You feel yourself moving faster!
You feel mighty!
* * * LOW HITPOINT WARNING * * *
You feel very sick. The water moccasin barely misses you.
The water moccasin bites you!
* * * LOW HITPOINT WARNING * * *
You are more poisoned.
The water moccasin poisons you!
You bludgeon the water moccasin!
You kill the water moccasin!
You die...
Your body crumbles into a pile of gold.

♣.⌠.≈≈.⌠.♣
♣...≈≈...♣
♣.∩.≈≈.8.♣
♣...≈≈...♣
♣.⌠.≈≈.⌠.
♣...≈≈.. ##
♣.≈≈$♣ #.#
#.≈≈@####.#
#..###.≈≈.....#
#......≈≈...#.#
# #...###≈≈..##
###
#...##.≈≈.##
..##
#...#......#
...###
#.....#.....#
.....#
###..###.....#
.....###...##
#......#


There were no monsters in sight!

Vanquished Creatures
  2 water moccasins (D:5)
  A sky beast (D:3)
  2 centaurs (D:5)
  A necrophage (D:4)
  An iguana (D:4)
  3 adders
  An ufetubus (D:5)
  2 worms (D:3)
  3 dart slugs
  5 orcs
  3 bats
  5 endoplasms
  5 giant cockroaches
  7 goblins
  6 hobgoblins
  10 jackals
  4 quokkas
  4 ball pythons
  2 frilled lizards (D:3)
  8 kobolds
  10 rats
85 creatures vanquished.

Notes
Turn   | Place    | Note
-------+----------+-------------------------------------------
     0 | D:1      | diana the Octopode Transmuter began the quest for the Orb.
     0 | D:1      | Reached XP level 1. HP: 13/13 MP: 3/3
   207 | D:1      | Reached XP level 2. HP: 18/18 MP: 3/5
  1033 | D:1      | Learned a level 2 spell: Wereblood
  1111 | D:2      | Reached XP level 3. HP: 12/23 MP: 6/6
  1653 | D:2      | Identified the +5 leather armour of Distant Worlds {Harm}
  1654 | D:2      | Found a sacrificial altar of Ru.
  1923 | D:2      | Found a faded altar of an unknown god.
  2484 | D:3      | Noticed a sky beast
  2492 | D:3      | Learned a level 3 spell: Spider Form
  2601 | D:3      | Reached XP level 4. HP: 18/28 MP: 4/7
  2726 | D:3      | Found the +8 trident of the Octopus King {venom, rElec
                  | rPois}
  3028 | D:3      | Killed a sky beast
  3029 | D:3      | Reached skill level 1 in Stealth
  3029 | D:3      | Reached XP level 5. HP: 24/33 MP: 5/9
  4314 | D:4      | Reached XP level 6. HP: 18/39 MP: 10/10
  4485 | D:4      | Found a staircase to the Ecumenical Temple.
  4520 | Temple   | Entered the Ecumenical Temple
  4595 | Temple   | Became a worshipper of Gozag Ym Sagoz the Greedy
  4808 | D:5      | Entered Level 5 of the Dungeon
  5261 | D:5      | Noticed a water moccasin
  5289 | D:5      | Killed a water moccasin
  5290 | D:5      | Reached XP level 7. HP: 40/45 MP: 8/12
  5490 | D:5      | Found Filairch's Antique Armour Shop.
  5503 | D:5      | HP: 2/67 [water moccasin (7)]
  5504 | D:5      | Succumbed to a water moccasin's poison

Illustrated notes

Levels and vault maps discovered:
D:1:      dpeg_arrival_shrine, layout_basic, amcnicky_mini_rare_corridor_liquid,
          st_stairs_10, chequers_serial_rivers_small_b
D:2:      cheibrodos_old_hovel, layout_basic, shapermc_ecumenical_altar_gd,
          basic_altar
D:3:      layout_basic
D:4:      layout_basic, minmay_temple_entry_enclosed_plants
D:5:      layout_cave_pods, serial_park_tiny_2, chequers_serial_rivers_small_3,
          nicolae_wooded_promenade
Temple:   compressed_dpeg_triangle_lava_temple

Skill      XL: |  1  2  3  4  5  6 |
---------------+-------------------+-----
Transmutations | 3 4 |  4.2
Stealth        | 1 |  1.8
Unarmed Combat | 4 |  4.8
Spellcasting   | 3 |  3.6
Fighting       | 2 |  2.6
Dodging        | 3 |  3.3
Poison Magic   | |  0.2

Action                   |  1- 3 |  4- 6 |  7- 9 || total
-------------------------+-------+-------+-------++-------
Melee: Unarmed           |    85 |   102 |    15 ||   202
       Kick              |    25 |    33 |     1 ||    59
       Constrict         |    20 |    27 |     1 ||    48
       Tentacles         |    11 |    14 |     1 ||    26
       Punch             |     1 |       |       ||     1
 Cast: Beastly Appendage |    33 |    22 |     1 ||    56
       Wereblood         |     1 |     3 |       ||     4
       Spider Form       |       |     4 |     2 ||     6
  Use: Potion            |       |       |     1 ||     1
 Stab: Sleeping          |     7 |     8 |       ||    15
Armor: Skin              |     6 |     7 |     2 ||    15
Dodge: Dodged            |    38 |    79 |    21 ||   138
